 Dungeon Crawl Stone Soup version 0.30-a0-743-gbfdf073431 (webtiles) character file.

Game seed: 10415629059687106324

11945 ragingrage the Skirmisher (level 11, 0/72 HPs)
             Began as a Mummy Hunter on Feb 7, 2023.
             Was an Initiate of Ashenzari.
             Slain by a black mamba (12 damage)
             ... on level 11 of the Dungeon.
             The game lasted 00:25:40 (18140 turns).

ragingrage the Skirmisher (Mummy Hunter)           Turns: 18140, Time: 00:25:41

Health: 0/72       AC: 10    Str: 14    XL:     11   Next: 56%
Magic:  11/11      EV: 13    Int: 13    God:    Ashenzari [......]
Gold:   153        SH:  0    Dex: 19    Spells: 3/10 levels left

rFire   + . .      SeeInvis .    a - +0 arbalest
rCold   . . .      Faith    +    (shield currently unavailable)
rNeg    + + +      Spirit   .    h - +1 leather armour {rF+}
rPois   ∞          Reflect  .    H - +2 helmet {Int+3}
rElec   .          Harm     .    p - +2 cloak of Ashenzari's Oracle {rPois, Melee, Fort} (curse)
rCorr   .          Rampage  .    (no gloves)
Will    +....                    (no boots)
Stlth   ++                       m - amulet of magic regeneration
HPRegen 0.32/turn                x - ring of fire
MPRegen 0.52/turn                j - ring of wizardry

@: studying Dodging
A: cold resistance 1, negative energy resistance 3, torment resistance 2, heat
vulnerability 1, in touch with death 1, no potions, faith
a: Renounce Religion, Shatter the Chains


You were on level 11 of the Dungeon.
You worshipped Ashenzari.
Ashenzari was noncommittal.
You visited 3 branches of the dungeon, and saw 14 of its levels.

You collected 703 gold pieces.
You spent 550 gold pieces at shops.

Inventory:

Hand Weapons
 a - a +0 arbalest (weapon)
 b - a +1 demon whip of venom
 G - a +4 great sword
Missiles
 i - 25 poisoned darts
 F - 3 throwing nets
Armour
 h - a +1 leather armour of fire resistance (worn)
 p - the cursed +2 cloak of Ashenzari's Oracle (worn) {rPois, Melee, Fort}
   (You found it on level 10 of the Dungeon)

   It has a curse which improves the following skills: Melee Combat: Short
   Blades, Long Blades, Axes, Maces & Flails, Polearms, Staves and Unarmed
   Combat.
   Fortitude: Armour and Shields.
 w - a +0 robe of willpower
 A - +0 acid dragon scales
 H - a +2 helmet of intelligence (worn)
Jewellery
 j - a ring of wizardry (right hand)
 m - an amulet of magic regeneration (around neck)
 n - a ring of magical power
 q - a ring of flight
 x - a ring of fire (left hand)
Wands
 f - a wand of flame (8)
 r - a wand of roots (5)
 t - a wand of digging (6)
 z - a wand of polymorph (15)
 C - a wand of acid (3)
Scrolls
 c - 3 scrolls of vulnerability
 d - 4 scrolls of teleportation
 e - 2 scrolls of blinking
 k - 5 scrolls of enchant weapon
 o - 4 scrolls of enchant armour
 s - a scroll of amnesia
 u - 6 scrolls of identify
 B - a scroll of magic mapping
 D - a scroll of immolation
 E - 4 scrolls of fog


   Skills:
 - Level 2.0 Fighting
 + Level 3.0(3.4) Maces & Flails
 + Level 14.6 Ranged Weapons
 - Level 3.7 Dodging
 - Level 2.0 Stealth
 - Level 4.0 Translocations


You had 3 spell levels left.
You knew the following spells:

 Your Spells              Type           Power      Damage    Failure   Level
a - Airstrike             Air            0%         2d(0-16)  80%         4
b - Blink                 Tloc           20%        N/A       4%          2
c - Apportation           Tloc           20%        N/A       3%          1

Your spell library contained the following spells:

 Spells                   Type           Power      Damage    Failure   Level
 Lesser Beckoning         Tloc           20%        N/A       4%          2
 Momentum Strike          Conj/Tloc      10%        3d8       11%         2
 Freeze                   Ice            0%         1d3       16%         1
 Magic Dart               Conj           0%         1d3       16%         1
 Necrotise                Necr           0%         1d4       16%         1
 Shock                    Conj/Air       0%         1d3       16%         1
 Summon Small Mammal      Summ           0%         N/A       16%         1
 Ensorcelled Hibernation  Hex/Ice        0%         N/A       24%         2
 Swiftness                Air            0%         N/A       41%         3
 Anguish                  Hex/Necr       0%         N/A       80%         4
 Spider Form              Tmut/Pois      Unusable   N/A       N/A         3

Dungeon Overview and Level Annotations

Branches:
Dungeon (12/15)            Temple (1/1) D:6            Lair (1/5) D:11
    Orc: D:9-12

Altars:
Ashenzari
Cheibriados
Dithmenos
Fedhas
Gozag
Hepliaklqana
Kikubaaqudgha
Makhleb
Nemelex Xobeh
Okawaru
Qazlal
Ru
Sif Muna
Trog
Uskayaw
Vehumet
Wu Jian
Xom
Yredelemnul

Shops:
D:7 *   D:9 [   D:10 *

Annotations:
D:7 exclusion: downstairs
D:8 exclusion: downstairs
D:9 exclusions: downstairs and troll
D:10 exclusion: 2 downstairs
D:11 Erica


Innate Abilities, Weirdness & Mutations

You are immune to poison.
Your flesh is cold resistant. (rC+)
You are immune to negative energy. (rN+++)
You are immune to unholy pain and torment.
You are vulnerable to heat. (rF-)
You are in touch with the powers of death.
You do not drink.
You have a special connection with the divine. (Faith)


Message History

Press: ? - help, Shift-Dir - straight line, f/p - black mamba
Aim: a black mamba (moderately wounded)
The roots erupt in riotous growth!
Roots grab the black mamba.
Roots grab the wolf.
The grasping roots constrict the black mamba.
The grasping roots constrict the wolf.
The wolf barely misses you. The black mamba barely misses you.
The wolf barely misses you. The black mamba barely misses you.
The grasping roots constrict the black mamba.
The grasping roots constrict the wolf.
You kill the wolf!
The roots release their grip on the black mamba.
Your Maces & Flails skill increases to level 3!
Unknown command.
Aiming: Fastroot
Press: ? - help, Shift-Dir - straight line, f/p - black mamba
Aim: a black mamba (heavily wounded)
The roots erupt in riotous growth!
Roots grab the black mamba.
The grasping roots constrict the black mamba.
The black mamba closely misses you. The black mamba completely misses you.
The grasping roots constrict the black mamba.
The roots release their grip on the black mamba.
The black mamba barely misses you.
Fire: a) +0 arbalest
Press: ? - help, Q - select action, (/) - cycle Shift-Dir - straight line, f/p - black mamba
Aim: a black mamba (severely wounded, 50% to hit)
You shoot a bolt. The bolt hits the black mamba!
The black mamba is almost dead.
You feel stable enough to blink again. The black mamba barely misses you.
The black mamba completely misses you.
Fire: a) +0 arbalest
Press: ? - help, Q - select action, (/) - cycle Shift-Dir - straight line, f/p - black mamba
Aim: a black mamba (almost dead, 50% to hit)
You shoot a bolt.
The bolt closely misses the black mamba.
The black mamba bites you.
* * * LOW HITPOINT WARNING * * *
The black mamba bites you!
You die...

######.##.##.##........#.#
#. #.##.##.............#
#^ #.##................#
#. #.##.##.............#
#. #.##.#....#.>.#....##
#.##!.........#....#
#######.####.....†.#..#..#
......#.# #....S.....##.#
.####.#.# #....@........#
....#.#.########.#########
.##.#.......÷÷...#
....#.##.##.###### .
#####.....#.# #. #.##..#>#
########. #.#####.#
#........ #.# #.#
#######........ #.. #.#
#.....>........


You could see a black mamba.

Vanquished Creatures
  A two-headed ogre (D:10)
  3 death yaks (D:11)
  Amaemon (D:10)
  Maggie (D:8)
  An orange demon (D:10)
  2 komodo dragons (D:11)
  Psyche (D:10)
  An unseen horror (D:12)
  A hornet (D:9)
  A shadow (D:9)
  A vampire (D:11)
  17 yaks
  3 wyverns
  2 steam dragons (D:10)
  3 vampire mosquitoes
  An acid dragon (D:9)
  2 orc warriors
  A black bear (D:7)
  An ice beast (D:8)
  2 ogres
  3 centaurs
  A boggart (D:8)
  A wolf (D:11)
  A kobold brigand (D:9)
  2 gnoll sergeants
  A necrophage (D:6)
  2 bullfrogs (Lair:1)
  A scorpion (D:5)
  9 wights
  6 killer bees
  An electric eel (Lair:1)
  2 howler monkeys (D:8)
  4 orc priests
  3 jellies
  A gnoll bouda (D:6)
  5 hounds
  6 iguanas
  7 orc wizards
  27 gnolls
  9 adders
  3 shadow imps
  3 white imps
  2 ufetubi (D:6)
  A worm (D:5)
  A dart slug (D:1)
  26 orcs
  5 bats
  7 endoplasms
  6 giant cockroaches
  7 goblins
  4 hobgoblins
  9 jackals
  10 ball pythons
  3 frilled lizards
  13 kobolds
  4 rats
242 creatures vanquished.

Vanquished Creatures (others)
  A gnoll (D:10)
  5 fungi
  11 plants
17 creatures vanquished.

Grand Total: 259 creatures vanquished

Notes
Turn   | Place    | Note
-------+----------+-------------------------------------------
     0 | D:1      | ragingrage the Mummy Hunter began the quest for the Orb.
     0 | D:1      | Reached XP level 1. HP: 16/16 MP: 1/1
    73 | D:1      | Reached skill level 1 in Stealth
   286 | D:1      | Reached XP level 2. HP: 13/22 MP: 2/2
  1238 | D:2      | Gained mutation: You are in touch with the powers of death.
                  | [Mummy growth]
  1238 | D:2      | Reached XP level 3. HP: 27/27 MP: 3/3
  1288 | D:2      | Reached skill level 4 in Ranged Weapons
  1540 | D:2      | Reached XP level 4. HP: 33/33 MP: 4/4
  1559 | D:2      | Found a faded altar of an unknown god.
  1567 | D:2      | Got Plato's Compendium of Hypothermia
  2345 | D:3      | Identified a scroll of acquirement
  2347 | D:3      | Found an ancient bone altar of Kikubaaqudgha.
  2360 | D:3      | Acquired a manual of Dodging
  2402 | D:3      | Reached XP level 5. HP: 34/38 MP: 5/5
  2495 | D:3      | Reached skill level 5 in Ranged Weapons
  3137 | D:4      | Found a shimmering altar of Xom.
  3146 | D:4      | Found a stormy altar of Qazlal.
  3369 | D:5      | Entered Level 5 of the Dungeon
  3381 | D:5      | Reached XP level 6. HP: 44/44 MP: 6/6
  3548 | D:5      | Found a shadowy altar of Dithmenos.
  4232 | D:5      | Reached skill level 6 in Ranged Weapons
  4237 | D:5      | Learned a level 4 spell: Airstrike
  4266 | D:5      | Got A Tutorial on the Histories of Mysteries
  4457 | D:6      | Found a staircase to the Ecumenical Temple.
  4481 | Temple   | Entered the Ecumenical Temple
  4511 | Temple   | Became a worshipper of Ashenzari the Shackled
  4564 | D:6      | Reached XP level 7. HP: 27/50 MP: 7/7
  4883 | D:6      | Found an opulent altar of Gozag.
  4971 | D:6      | Reached skill level 7 in Ranged Weapons
  5538 | D:6      | Found a sparkling altar of Nemelex Xobeh.
  5600 | D:6      | Found an iron altar of Okawaru.
  5668 | D:6      | Reached skill level 8 in Ranged Weapons
  5668 | D:6      | Reached XP level 8. HP: 12/56 MP: 8/8
  5887 | D:6      | Found a sacrificial altar of Ru.
  6132 | D:7      | Found Ihocom's Island Escapes.
  6177 | D:7      | Found a burning altar of Makhleb.
  6769 | D:7      | Reached skill level 9 in Ranged Weapons
  7390 | D:7      | Learned a level 2 spell: Blink
  7516 | D:7      | Found a blossoming altar of Fedhas.
  7758 | D:8      | Noticed Maggie
  8661 | D:9      | Reached skill level 10 in Ranged Weapons
  9020 | D:8      | HP: 2/57 [Maggie/bolt of fire (18)]
  9392 | D:8      | Reached XP level 9. HP: 21/62 MP: 9/9
 10652 | D:9      | Found Seobler's Antique Armour Emporium.
 10667 | D:9      | Reached * piety under Ashenzari
 10675 | D:9      | Bought a runed helmet for 210 gold pieces
 10675 | D:9      | Bought a masterwork ring mail for 252 gold pieces
 10675 | D:9      | Identified the +2 ring mail of Xehasocs {Int+2} (You bought
                  | it in a shop on level 9 of the Dungeon)
 10879 | D:9      | Found a radiant altar of Vehumet.
 10879 | D:9      | Noticed a troll
 11342 | D:10     | Entered Level 10 of the Dungeon
 11342 | D:10     | Noticed a two-headed ogre
 11351 | D:9      | Reached skill level 11 in Ranged Weapons
 11924 | D:10     | Noticed Maurice
 11932 | D:10     | Maurice changed into Maurice the wyvern
 11932 | D:10     | Noticed Maurice
 11940 | D:9      | Killed Maurice the wyvern
 12041 | D:10     | Noticed Psyche
 12053 | D:9      | Reached skill level 12 in Ranged Weapons
 12172 | D:10     | Noticed Amaemon
 12172 | D:10     | Noticed an orange demon
 12221 | D:10     | Killed a two-headed ogre
 12222 | D:10     | Reached XP level 10. HP: 67/67 MP: 10/10
 12290 | D:10     | Killed Psyche
 12535 | D:10     | Found Miukhien's Assorted Antiques.
 12582 | D:10     | HP: 3/67 [constriction (3)]
 13536 | D:11     | Found a staircase to the Lair.
 13537 | D:11     | Noticed Erica
 13537 | D:11     | Noticed a death yak
 13544 | D:10     | Reached skill level 13 in Ranged Weapons
 13822 | D:10     | Killed Amaemon
 14353 | D:10     | Found a bloodstained altar of Trog.
 14359 | D:10     | Learned a level 1 spell: Apportation
 14380 | D:10     | Killed an orange demon
 14381 | D:10     | Reached skill level 1 in Translocations
 14562 | D:8      | Found a faded altar of an unknown god.
 14562 | D:8      | Found a faded altar of an unknown god.
 14562 | D:8      | Found a hazy altar of Hepliaklqana.
 14581 | D:8      | Killed Maggie
 15000 | D:11     | Noticed a death yak
 15000 | D:11     | Noticed a death yak
 15957 | D:10     | Bought a scroll of poison for 88 gold pieces
 16356 | D:11     | Reached XP level 11. HP: 72/72 MP: 11/11
 16356 | D:11     | Killed a death yak
 16357 | D:11     | Reached skill level 14 in Ranged Weapons
 16371 | D:11     | Killed a death yak
 16518 | D:11     | Killed a death yak
 16795 | D:11     | Reached skill level 1 in Maces & Flails
 17006 | Lair:1   | Entered Level 1 of the Lair of Beasts
 18140 | D:11     | Slain by a black mamba

Illustrated notes

Levels and vault maps discovered:
D:1:      noname_arrival_rooms_in_the_neighbourhood, layout_basic,
          interstate_on_off
D:2:      layout_loops_cross, shapermc_ecumenical_altar_rom_forum,
          grunt_ministairs_3, kennysheep_generic_room_10
D:3:      minmay_razor_zed, layout_basic, amcnicky_altar_gilded
D:4:      layout_rooms, mainiacjoe_overflow_big_doors, serial_bayou_lagoon_a
D:5:      layout_basic, nicolae_dithmenos_through_a_glass_darkly,
          nicolae_fountain_basement
D:6:      layout_basic, nicolae_ru_path_of_blood, lemuel_doored_altar,
          marbit_many_paths, mainiacjoe_overflow_paths, okawaru_metal_pillars_3,
          minmay_temple_entry_large_hall
D:7:      layout_basic, mainiacjoe_overflow_alcove_2, kennysheep_mini_moat,
          elyvilon_altar_5, nicolae_island_escapes
D:8:      layout_rooms, mainiacjoe_overflow_surrounded_room,
          nicolae_hepliaklqana_ecumenical_no_more, serial_rivers,
          chequers_serial_rivers_micro_d, chequers_serial_rivers_micro_b,
          chequers_serial_rivers_room_a, chequers_serial_rivers_small_b,
          uniq_maggie
D:9:      layout_rooms, kennysheep_mini, serial_shops, shop
D:10:     layout_rooms, lightli_temple_of_fire, serial_shops, shop,
          dk_noncrumbling_4, uniq_amaemon, uniq_psyche, uniq_maurice
D:11:     layout_basic, dpeg_lair_monsters, st_stairs_9, uniq_erica
D:12:     lemuel_ogre_cave, layout_layer_cave, zombieorc2_lemuel, minivault_25,
          minmay_misc_feat_tower, serial_bayou_pond_b, kennysheep_generic_room_6
Temple:   hellmonk_temple_two_chambers
Lair:1:   minmay_lair_oklob_chamber, layout_long_grid, serial_bayou_pond_b,
          minivault_25, uniq_grum

Skill      XL: |  1  2  3  4  5  6  7  8  9 10 11 |
---------------+----------------------------------+-----
Stealth        | 1 2 |  2.0
Ranged Weapons | 4 5 6 8 10 12 13 14 | 14.6
Dodging        | 2 3 |  3.7
Translocations | 2 4 |  4.0
Maces & Flails | 3 |  3.0
Fighting       | |  2.0

Action                     |  1- 3 |  4- 6 |  7- 9 | 10-12 || total
---------------------------+-------+-------+-------+-------++-------
  Melee: Demon whip        |       |       |       |     1 ||     1
   Fire: Shortbow          |    84 |   267 |   392 |       ||   743
         Arbalest          |       |       |    98 |   277 ||   375
  Throw: Throwing net      |       |       |       |     3 ||     3
   Cast: Blink             |       |       |       |     3 ||     3
 Invoke: Curse Item        |       |       |     2 |     1 ||     3
         Shatter the Chain |       |       |     1 |     1 ||     2
  Evoke: Wand              |       |       |    19 |     8 ||    27
    Use: Scroll            |     3 |     8 |     5 |     9 ||    25
 Armour: Leather armour    |    10 |    55 |    57 |    65 ||   187
         Acid dragon scale |       |       |    10 |       ||    10
  Dodge: Dodged            |    16 |    95 |   223 |   150 ||   484

Table legend: (Time is in decaauts)
 A = Elapsed time spent in this place.
 B = Non-inter-level travel time spent in this place.
 C = Inter-level travel time spent in this place.
 D = Time resting spent in this place.
 E = Time spent auto-exploring this place.
 F = Levels seen in this place.
 G = Mean time per level.
                   A        B        C        D        E       F      G
               +--------+--------+--------+--------+--------+-----+--------+
         Total |  18423 |  16978 |   1445 |   7724 |   6411 |  14 | 1315.9 |
       Dungeon |  18168 |  16727 |   1441 |   7536 |   6387 |  12 | 1514.0 |
        Temple |     34 |     30 |      4 |      0 |     24 |   1 |   34.0 |
          Lair |    220 |    220 |      0 |    188 |      0 |   1 |  220.0 |
               +--------+--------+--------+--------+--------+-----+--------+

Top non-repeatable levels by time:
    D:11: 2786 daAuts
     D:8: 2482 daAuts
     D:9: 2418 daAuts
    D:10: 2234 daAuts
     D:6: 1997 daAuts
     D:7: 1554 daAuts
     D:1: 1224 daAuts
     D:5: 1069 daAuts
     D:3: 994 daAuts
     D:2: 784 daAuts
     D:4: 606 daAuts
  Lair:1: 220 daAuts
  Temple: 34 daAuts
    D:12: 14 daAuts
